Map: [ESL] Hecate

Players

trigger - Winner!

  • Race: Protoss Protoss
  • Spawn Location: 1:00

Astrea

  • Race: Protoss Protoss
  • Spawn Location: 7:00

Event: ESL SC2 Masters 2023 Winter (Regional)

VOD

Have the link to the VOD?

Description

Time

  • Played on: Nov. 18, 2023, 1:15 p.m.
  • Length: 17:15

All games in this series

Show
View Real Time Build Order
Export as new Build Order

trigger Protoss - Winner!

Build Orders: Phoenix Opening, Blink Stalkers 

Get SALT Encoding   

  12  0:00  Probe  
  13  0:12  Probe  
  14  0:17  Pylon  
  14  0:24  Probe (Chrono Boost)  
  16  0:36  Probe (Chrono Boost)  
  16  0:37  Gateway  
  16  0:42  Probe (Chrono Boost)  
  16  0:46  Assimilator  
  17  0:50  Probe  
  18  1:03  Probe (Chrono Boost)  
  19  1:04  Assimilator  
  19  1:08  Gateway  
  20  1:12  Probe (Chrono Boost)  
  20  1:17  Probe (Chrono Boost)  
  20  1:23  Cybernetics Core  
  21  1:29  Probe  
  22  1:34  Pylon  
  22  1:41  Probe  
  23  1:53  Probe  
  24  1:59  Stalker  
  24  2:00  Warp Gate, Stalker  
  28  2:07  Probe  
  29  2:12  Pylon  
  30  2:29  Sentry  
  31  2:37  Nexus  
  31  2:41  Sentry  
  33  2:45  Probe  
  34  2:53  Twilight Council  
  34  2:59  Probe  
  34  3:00  Phoenix  
  34  3:03  Stalker  
  37  3:09  Pylon  
  37  3:13  Probe  
  38  3:25  Probe  
  39  3:27  Blink (Chrono Boost)  
  39  3:37  Probe  
  40  3:45  Shield Battery  
  40  3:49  Probe (Chrono Boost), Stalker x2  
  40  3:50  Probe (Chrono Boost)  
  46  4:01  Probe (Chrono Boost)  
  48  4:03  Probe (Chrono Boost)  
  48  4:06  Probe (Chrono Boost)  
  49  4:10  Probe  
  49  4:13  Stalker x2  
  49  4:16  Probe  
  52  4:22  Probe (Chrono Boost)  
  53  4:34  Probe x2 (Chrono Boost)  
  53  4:38  Phoenix  
  53  4:39  Probe (Chrono Boost)  
  53  4:41  Probe (Chrono Boost)  
  53  4:43  Stalker x2  
  59  4:48  Pylon  
  59  4:49  Probe (Chrono Boost)  
  61  4:56  Robotics Facility  
  61  4:57  Probe (Chrono Boost)  
  62  5:00  Probe (Chrono Boost)  
  62  5:04  Assimilator  
  62  5:05  Probe (Chrono Boost)  
  64  5:07  Probe (Chrono Boost)  
  64  5:09  Gateway  
  64  5:13  Gateway  
  64  5:17  Stalker  
  64  5:18  Probe  
  67  5:22  Pylon  
  67  5:24  Stalker  
  69  5:30  Pylon  
  69  5:43  Warp Prism (Chrono Boost)  
  69  5:47  Stalker x2  
  75  5:51  Pylon  
  75  6:02  Nexus  
  75  6:08  Stalker  
  75  6:09  Observer (Chrono Boost), Stalker  
  80  6:12  Stalker, Phoenix  
  82  6:19  Stalker  
  82  6:22  Pylon  
  82  6:25  Probe  
  82  6:26  Probe  
  84  6:33  Forge  
  84  6:35  Pylon  
  84  6:39  Probe (Chrono Boost)  
  85  6:40  Probe (Chrono Boost)  
  85  6:45  Stalker x2  
  90  6:52  Probe (Chrono Boost)  
  92  6:56  Probe (Chrono Boost)  
  92  6:57  Stalker  
  92  6:58  Probe (Chrono Boost)  
  92  6:59  Pylon  
  96  7:01  Observer (Chrono Boost)  
  96  7:02  Probe  
  96  7:03  Stalker  
  96  7:06  Probe  
  97  7:11  Stalker  
  97  7:14  Probe  
  100  7:16  Probe  
  100  7:21  Stalker x2  
  105  7:25  Protoss Ground Weapons Level 1 (Chrono Boost)  
  105  7:26  Probe  
  105  7:27  Probe  
  105  7:29  Probe  
  102  7:31  Stalker  
  104  7:38  Probe  
  103  7:47  Probe x2  
  103  7:50  Probe  
  106  7:56  Photon Cannon  
  106  7:59  Observer, Probe  
  106  8:04  Nexus  
  106  8:05  Observer  
  108  8:06  Assimilator, Probe x2  
  108  8:12  Stalker x2  
  114  8:15  Pylon x2  
  114  8:22  Probe x2  
  116  8:27  Probe  
  116  8:31  Photon Cannon  
  116  8:34  Probe  
  114  8:36  Probe  
  114  8:39  Probe  
  114  8:40  Stalker x4  
  123  8:45  Shield Battery  
  123  8:46  Probe  
  123  8:47  Photon Cannon  
  124  8:51  Probe  
  124  8:53  Probe  
  126  8:57  Pylon  
  126  9:04  Probe  
  126  9:05  Sentry x2  
  126  9:06  Gateway  
  126  9:07  Probe x2  
  126  9:08  Protoss Ground Weapons Level 2 (Chrono Boost)  
  133  9:10  Gateway  
  133  9:16  Probe  
  134  9:20  Probe  
  135  9:25  Stalker  
  135  9:26  Probe x2  
  135  9:27  Gateway  
  135  9:28  Probe  
  135  9:29  Gateway, Assimilator  
  140  9:36  Stalker x3  
  140  9:37  Probe  
  147  9:40  Assimilator  
  147  9:41  Pylon  
  147  9:44  Probe  
  148  9:48  Stalker, Pylon  
  150  9:56  Pylon  
  150  9:57  Pylon  
  150  10:00  Observer  
  150  10:01  Probe  
  150  10:02  Probe  
  150  10:04  Stalker x5  
  162  10:15  Observer, Stalker  
  162  10:18  Probe x2  
  166  10:22  Pylon  
  166  10:31  Photon Cannon  
  166  10:34  Stalker x5  
  166  10:35  Nexus  
  176  10:46  Stalker  
  176  10:49  Stalker x2  
  182  10:56  Shield Battery  
  181  10:58  Photon Cannon  
  181  11:01  Photon Cannon, Stalker  
  181  11:02  Photon Cannon, Stalker x3  
  181  11:03  Pylon  
  189  11:10  Stalker x2  
  159  11:18  Probe x2  
  133  11:28  Stalker x6  
  133  11:30  Probe x2  
  133  11:31  Probe  
  136  11:36  Stalker x2  
  136  11:37  Protoss Ground Weapons Level 3 (Chrono Boost)  
  139  11:40  Forge  
  139  11:43  Photon Cannon  
  139  11:44  Observer (Chrono Boost)  
  139  11:46  Probe x2  
  142  11:48  Photon Cannon  
  142  11:52  Stalker x4  
  150  11:55  Probe  
  150  12:00  Zealot x4  
  157  12:06  Observer  
  157  12:08  Probe  
  158  12:10  Photon Cannon  
  158  12:11  Photon Cannon  
  158  12:12  Probe  
  158  12:19  Stalker x3  
  158  12:20  Stalker  
  166  12:23  Protoss Ground Armor Level 1 (Chrono Boost), Stalker x3  
  166  12:25  Charge  
  166  12:28  Observer  
  173  12:32  Stalker  
  175  12:37  Gateway  
  175  12:39  Gateway  
  175  12:45  Stalker x4  
  175  12:50  Pylon  
  183  12:53  Stalker x3  
  186  13:00  Zealot  
  184  13:11  Zealot x3  
  184  13:12  Zealot  
  182  13:14  Observer, Probe x5  
  163  13:24  Stalker x4  
  163  13:26  Probe x4  
  163  13:27  Probe  
  166  13:28  Observer  
  164  13:36  Photon Cannon, Stalker x4  
  164  13:38  Probe  
  173  13:43  Assimilator  
  173  13:48  Stalker  
  173  13:49  Observer, Stalker x3  
  173  13:53  Photon Cannon  
  173  13:55  Nexus  
  176  14:04  Stalker x3  
  180  14:11  Nexus  
  170  14:25  Stalker  
  170  14:28  Pylon  
  170  14:31  Pylon  
  172  14:33  Pylon x2  
  172  14:34  Dark Shrine  
  171  14:45  Pylon  
  171  14:47  Pylon  
  171  14:50  Pylon  
  171  14:51  Pylon  
  167  14:56  Stalker x4  
  173  15:03  Observer, Protoss Shields Level 1 (Chrono Boost), Pylon  
  174  15:08  Photon Cannon  
  174  15:09  Stalker x4  
  174  15:13  Photon Cannon  
  182  15:14  Zealot x2, Shield Battery  
  179  15:23  Stalker x4  
  179  15:24  Probe  
  177  15:34  Observer  
  175  15:41  Zealot x6  
  187  15:53  Zealot x4  
  185  16:05  Pylon  
  185  16:08  Zealot x7  
  199  16:13  Probe  
  198  16:31  Photon Cannon  
  192  16:35  Photon Cannon  
  180  16:41  Photon Cannon  
  180  16:42  Photon Cannon  
  180  16:45  Zealot x9  
  147  17:11  Zealot x6  
  147  17:12  Zealot x3  
Show
View Real Time Build Order
Export as new Build Order

Astrea Protoss 

Build Orders: Oracle Opening 

Get SALT Encoding   

  12  0:00  Probe  
  13  0:12  Probe  
  14  0:17  Pylon  
  14  0:24  Probe (Chrono Boost)  
  16  0:36  Gateway  
  16  0:37  Probe (Chrono Boost)  
  16  0:43  Probe (Chrono Boost)  
  16  0:45  Assimilator  
  17  0:51  Probe  
  17  0:53  Assimilator  
  18  1:03  Probe (Chrono Boost)  
  19  1:08  Gateway  
  19  1:12  Probe (Chrono Boost)  
  19  1:17  Probe (Chrono Boost)  
  20  1:23  Cybernetics Core  
  21  1:30  Probe  
  22  1:33  Pylon  
  22  1:42  Probe  
  23  1:54  Probe  
  24  1:59  Stalker x2  
  24  2:00  Warp Gate  
  28  2:06  Probe  
  29  2:19  Pylon  
  29  2:30  Stargate  
  29  2:32  Adept  
  29  2:37  Adept  
  33  2:49  Probe  
  34  3:01  Nexus  
  34  3:06  Probe  
  35  3:12  Oracle (Chrono Boost)  
  35  3:19  Pylon  
  38  3:23  Probe  
  39  3:33  Shield Battery  
  39  3:37  Probe  
  39  3:39  Oracle (Chrono Boost)  
  43  3:50  Probe  
  44  4:00  Twilight Council  
  44  4:02  Probe  
  45  4:13  Probe  
  45  4:14  Probe  
  43  4:24  Gateway  
  43  4:25  Probe  
  43  4:27  Probe  
  45  4:34  Blink (Chrono Boost)  
  45  4:37  Stalker x2  
  49  4:39  Probe  
  49  4:43  Probe  
  51  4:51  Probe  
  52  4:57  Probe  
  53  5:02  Stalker x2  
  53  5:03  Probe  
  53  5:05  Pylon  
  58  5:09  Assimilator, Probe  
  59  5:15  Probe  
  60  5:21  Stalker  
  60  5:23  Probe  
  60  5:24  Pylon  
  60  5:26  Stalker x2  
  60  5:28  Probe  
  68  5:35  Probe  
  69  5:43  Nexus  
  69  5:52  Dark Shrine  
  69  5:54  Probe x2  
  71  6:00  Stalker  
  71  6:01  Stalker  
  75  6:05  Pylon  
  75  6:06  Probe  
  75  6:08  Stalker  
  78  6:15  Forge  
  78  6:23  Probe x2  
  78  6:24  Pylon  
  80  6:29  Adept x2  
  80  6:31  Stalker  
  80  6:32  Shield Battery  
  86  6:41  Pylon  
  86  6:42  Probe  
  86  6:43  Protoss Ground Weapons Level 1 (Chrono Boost)  
  86  6:44  Probe  
  86  6:46  Pylon  
  88  6:54  Probe  
  88  6:57  Stalker x2  
  88  6:58  Stalker  
  88  7:00  Probe  
  96  7:05  Probe  
  95  7:09  Probe  
  94  7:17  Gateway  
  94  7:20  Gateway, Probe  
  91  7:25  Stalker  
  91  7:26  Stalker x2  
  91  7:27  Probe  
  90  7:36  Probe  
  89  7:39  Gateway x2, Probe  
  89  7:43  Probe  
  91  7:45  Assimilator  
  91  7:48  Probe  
  91  7:50  Dark Templar  
  94  7:52  Dark Templar  
  94  7:53  Shadow Stride (Chrono Boost), Stalker  
  98  8:00  Nexus  
  98  8:01  Pylon  
  98  8:10  Robotics Facility  
  98  8:13  Pylon, Probe x3  
  98  8:14  Assimilator  
  99  8:28  Stalker x5  
  109  8:39  Probe x2  
  109  8:40  Probe  
  112  8:46  Photon Cannon, Stalker x2  
  112  8:47  Protoss Ground Weapons Level 2 (Chrono Boost)  
  116  8:51  Probe  
  116  8:52  Probe x2  
  119  8:57  Photon Cannon  
  119  8:59  Shield Battery  
  119  9:01  Pylon  
  119  9:07  Probe  
  120  9:14  Probe x3  
  120  9:16  Dark Templar x2, Charge (Chrono Boost)  
  125  9:18  Zealot x4  
  125  9:19  Probe  
  134  9:31  Pylon  
  134  9:32  Zealot  
  134  9:35  Observer (Chrono Boost)  
  134  9:36  Pylon  
  134  9:38  Pylon  
  137  9:44  Gateway  
  137  9:47  Gateway  
  137  9:49  Zealot x4  
  137  9:50  Zealot x2  
  137  9:51  Observer  
  150  9:53  Robotics Bay  
  150  9:54  Photon Cannon  
  150  9:56  Photon Cannon  
  150  10:04  Nexus  
  150  10:10  Immortal (Chrono Boost)  
  154  10:25  Stalker x7  
  164  10:48  Disruptor  
  164  10:49  Zealot x2  
  170  10:50  Zealot x7  
  170  10:52  Probe x3  
  170  10:54  Photon Cannon  
  170  10:56  Shield Battery  
  180  11:13  Zealot x6  
  180  11:21  Zealot x3  
  180  11:24  Immortal  
  160  11:32  Probe  
  160  11:33  Probe x4  
  160  11:38  Dark Templar x5  
  170  11:43  Protoss Ground Weapons Level 3 (Chrono Boost)  
  170  11:45  Probe x5  
  175  11:52  Zealot x3  
  175  11:53  Zealot  
  183  11:56  Nexus  
  183  11:57  Probe  
  178  12:02  Probe  
  178  12:06  Probe x2  
  178  12:08  Photon Cannon  
  185  12:11  Assimilator  
  185  12:13  Dark Templar  
  185  12:14  Dark Templar x2, Zealot x5  
  185  12:15  Zealot  
  197  12:20  Observer (Chrono Boost)  
  191  12:24  Photon Cannon  
  191  12:25  Pylon  
  191  12:36  Robotics Facility  
  191  12:37  Robotics Facility  
  191  12:38  Observer (Chrono Boost)  
  191  12:41  Assimilator  
  191  12:42  Zealot x4  
  191  12:43  Gravitic Boosters  
  200  12:48  Gateway  
  200  12:49  Gateway, Pylon  
  200  12:50  Photon Cannon x2  
  200  12:51  Pylon  
  200  12:53  Shield Battery  
  200  12:55  Assimilator  
  181  13:13  Disruptor  
  181  13:15  Zealot x9  
  116  13:35  Probe x6  
  116  13:36  Stalker x6  
  116  13:37  Stalker  
  116  13:39  Stalker  
  138  13:46  Disruptor (Chrono Boost)  
  146  13:51  Stalker x3  
  146  13:53  Observer  
  151  14:03  Stalker x2  
  151  14:04  Zealot x5, Stalker  
  151  14:06  Nexus  
  151  14:17  Zealot x2  
  151  14:18  Zealot  
  151  14:21  Disruptor (Chrono Boost)  
  139  14:26  Stalker x7  
  142  14:33  Zealot  
  140  14:48  Zealot x3  
  140  14:49  Zealot x2  
  145  15:05  Dark Templar x5  
  145  15:06  Nexus  
  155  15:18  Nexus  
  125  15:29  Zealot  
  125  15:30  Zealot x3  
  119  15:48  Stalker x4  
  103  16:06  Stalker x2  
  107  16:15  Pylon  
  105  16:18  Zealot  
  105  16:19  Zealot x5  
  117  16:28  Zealot x3  
  114  16:35  Stalker x2  
  90  16:47  Stalker x3  
  90  16:48  Zealot x2  
  90  16:53  Zealot x2  
  95  16:56  Zealot  
  73  17:05  Stalker x2  
Tags
 
Add a new tag
Caveats
  • Supply blocks, unpowered buildings, or Contaminate may cause inaccurate times.
  • Supply counts are checked every 10 seconds.